 Dungeon Crawl Stone Soup version 0.30-a0-377-g5cb311bc9f (console) character file.

Game seed: 9903301901748054211

116 Ignak the Sneak (level 5, -17/33 HPs)
             Began as an Octopode Enchanter on Nov 29, 2022.
             Demolished by an ice devil (22 damage)
             ... summoned by a kobold demonologist
             ... on level 3 of the Dungeon.
             The game lasted 00:07:02 (2571 turns).

Ignak the Sneak (Octopode Enchanter)                Turns: 2571, Time: 00:07:04

Health: -17/33     AC:  1    Str:  7    XL:     5   Next: 1%
Magic:  3/8        EV: 14    Int: 18    God:
Gold:   223        SH:  0    Dex: 20    Spells: 0/8 levels left

rFire   . . .      SeeInvis .    i - +0 short sword (speed)
rCold   . . .      Faith    .    (no shield)
rNeg    + . .      Spirit   .    (helmet restricted)
rPois   .          Reflect  .    f - amulet of the acrobat
rElec   .          Harm     .    g - ring of positive energy
rCorr   +          Rampage  .    r - ring of resist corrosion
Will    .....                    t - +6 ring of dexterity
Stlth   ++++......               (no ring)
HPRegen 0.25/turn                (no ring)
MPRegen 0.11/turn                (no ring)
                                 (no ring)
                                 (no ring)

@: confusing by touch
A: almost no armour, amphibious, 8 rings, camouflage 1, gelatinous body 1,
(nimble swimmer 1), tentacles
a: no special abilities


You were on level 3 of the Dungeon.
You visited 1 branch of the dungeon, and saw 3 of its levels.

You collected 223 gold pieces.

Inventory:

Hand Weapons
 i - a +0 short sword of speed (weapon)
Missiles
 n - 4 datura-tipped darts
 q - 6 poisoned darts (quivered)
Magical Staves
 d - a staff of air
 e - a staff of death
Jewellery
 f - an amulet of the acrobat (around mantle)
 g - a ring of positive energy (left tentacle)
 o - a ring of fire
 r - a ring of resist corrosion (right tentacle)
 t - a +6 ring of dexterity (on tentacle)
Wands
 w - a wand of mindburst (5)
Scrolls
 c - 3 scrolls of amnesia
 h - a scroll of poison {unknown}
 j - a scroll of silence {unknown}
 k - 2 scrolls of fog
 l - 5 scrolls of teleportation
 m - a scroll of enchant armour {unknown}
Potions
 a - a potion of curing {unknown}
 b - 2 potions of invisibility
 p - a potion of lignification {unknown}
 s - a potion of berserk rage {unknown}
 u - a potion of haste {unknown}
 v - a potion of might {unknown}


   Skills:
 + Level 1.1 Fighting
 + Level 1.5 Short Blades
 * Level 2.8 Dodging
 * Level 5.2 Stealth
 - Level 1.0 Unarmed Combat
 + Level 2.4 Spellcasting
 + Level 3.4 Hexes


You couldn't memorise any spells.
You knew the following spells:

 Your Spells              Type           Power      Damage    Failure   Level
a - Confusing Touch       Hex            14%        N/A       13%         3
c - Ensorcelled Hibernat  Hex/Ice        16%        N/A       13%         2
f - Dazzling Flash        Conj/Hex       16%        N/A       26%         3

Your spell library contained the following spells:

 Spells                   Type           Power      Damage    Failure   Level
 Tukima's Dance           Hex            14%        N/A       13%         3


Dungeon Overview and Level Annotations

Branches:
Dungeon (3/15)

Altars:

Annotations:
D:3 1 transporter


Innate Abilities, Weirdness & Mutations

You cannot wear most types of armour.
You are amphibious.
You can wear up to eight rings at the same time.
Your skin changes colour to match your surroundings (Stealth+).
Your rubbery body absorbs attacks. (AC +1, EV +1)
((You are camouflaged when in or above water. (Stealth+)))
You have tentacles for arms and can constrict up to eight enemies at once.


Message History

The ice devil freezes the plant!
You start resting.
The ice devil hits the plant!
The ice devil freezes the plant!!
You start resting.
The ice devil hits the plant.
The ice devil freezes the plant!
You start resting.
The ice devil hits the plant!
The ice devil freezes the plant!
The ice devil hits the plant!
The ice devil freezes the plant!!
A nearby plant withers and dies.
You start resting.
The shadow imp summons a swarm of flies.
The shadow imp grinds its teeth.
The shadow imp sputters.
An ice devil is nearby!
Casting: Ensorcelled Hibernation (safe; 13% risk of failure)
Confirm with . or Enter, or press ? or * to list all spells.
You can't see any susceptible monsters within range! (Use Z to cast anyway.)
Casting: Ensorcelled Hibernation (safe; 13% risk of failure)
Confirm with . or Enter, or press ? or * to list all spells.
The spell is quite dangerous to miscast (26% risk of failure)!
Continue anyway?
Okay, then.
Casting: Dazzling Flash (quite dangerous; 26% risk of failure)
Confirm with . or Enter, or press ? or * to list all spells.
Okay, then.
Casting: Dazzling Flash (quite dangerous; 26% risk of failure)
Confirm with . or Enter, or press ? or * to list all spells.
The spell is quite dangerous to miscast (13% risk of failure)!
Continue anyway?
Your tentacles begin to glow red.
You hit the ice devil but do no damage. You grab the ice devil.
You squeeze the ice devil, but do no damage.
You constrict the ice devil, but do no damage.
The ice devil hits you. The ice devil freezes you!
You hit the ice devil but do no damage.
You constrict the ice devil, but do no damage.
The shadow imp shouts, "Bolt, thou beslubbering toad-spotted gudgeon!"
The ice devil hits you!
* * * LOW HITPOINT WARNING * * *
The ice devil freezes you!!
Ouch! That really hurt!
You die...

#....# #. #.#.#. #....+ . #.#.#.
######...###.######.#<..
#....'..............###.
#.####...###............
#.##.................##.
#.##.###############.###
#.##.#8P#5o5K...#~8#.##.
#.#####.##.#P@#≈≈≈≈≈≈≈#.P#.##.
#.......#..#.4#..~PP..#.$#....
#######...©#©.'..~⌠~..+!©#©...
###..#..#..~~P..#.$#..##
#############.#P.#≈≈≈≈≈≈≈#.P#.###
..........# #.#8P#5......#~8#.# #
..........# #.###############.# #
..........###.................# #
....................########### #


You could see an ice devil (summoned), a kobold demonologist, an orc priest and
3 shadow imps.

Vanquished Creatures
  A gnoll (D:1)
  4 adders (D:2)
  A worm (D:3)
  2 dart slugs
  4 bats
  10 endoplasms
  3 giant cockroaches
  10 goblins
  8 hobgoblins
  3 kobolds (D:1)
  2 quokkas
  4 ball pythons
  4 frilled lizards
  3 rats
59 creatures vanquished.

Vanquished Creatures (others)
  A plant (D:3)
1 creature vanquished.

Grand Total: 60 creatures vanquished

Notes
Turn   | Place    | Note
-------+----------+-------------------------------------------
     0 | D:1      | Ignak the Octopode Enchanter began the quest for the Orb.
     0 | D:1      | Reached XP level 1. HP: 11/11 MP: 3/3
   107 | D:1      | Reached XP level 2. HP: 17/17 MP: 5/5
   111 | D:1      | Learned a level 2 spell: Ensorcelled Hibernation
   219 | D:1      | Reached XP level 3. HP: 22/22 MP: 1/6
   952 | D:2      | Reached XP level 4. HP: 27/27 MP: 7/7
  1082 | D:2      | Reached skill level 1 in Unarmed Combat
  1263 | D:2      | Found a faded altar of an unknown god.
  1330 | D:2      | Reached skill level 1 in Fighting
  1474 | D:2      | Reached skill level 5 in Stealth
  1855 | D:3      | Found a transporter.
  1867 | D:3      | Noticed a kobold demonologist
  2166 | D:3      | Reached XP level 5. HP: 23/33 MP: 1/8
  2170 | D:3      | Learned a level 3 spell: Dazzling Flash
  2174 | D:3      | Learned a level 3 spell: Confusing Touch
  2426 | D:3      | Found a transporter.
  2553 | D:3      | Noticed an ice devil
  2571 | D:3      | Demolished by an ice devil

Illustrated notes

Levels and vault maps discovered:
D:1:      shiori_shiawase, layout_loops_ring
D:2:      layout_loops_ring, dreamdust_ecumenical_altar_angels_and_demons,
          nrook_loot_triangle, minmay_split_cup_small
D:3:      gammafunk_wand_slinger, layout_basic, nicolae_figureground_sparkle

Skill      XL: |  1  2  3  4 |
---------------+-------------+-----
Unarmed Combat | 1 |  1.0
Fighting       | 1 |  1.1
Stealth        | 5 |  5.2
Short Blades   | |  1.5
Dodging        | |  2.8
Spellcasting   | |  2.4
Hexes          | |  3.4

Action                   |  1- 3 |  4- 6 || total
-------------------------+-------+-------++-------
Melee: Dagger            |    49 |       ||    49
       Constrict         |    13 |     6 ||    19
       Tentacles         |     8 |     6 ||    14
       Punch             |     2 |       ||     2
       Short sword       |     8 |    47 ||    55
 Cast: Ensorcelled Hiber |    12 |    12 ||    24
       Confusing Touch   |       |     1 ||     1
       Dazzling Flash    |       |     1 ||     1
  Use: Scroll            |       |     4 ||     4
       Potion            |       |     3 ||     3
 Stab: Sleeping          |    15 |    14 ||    29
Armor: Skin              |     2 |     2 ||     4
Dodge: Dodged            |    22 |    19 ||    41

Table legend: (Time is in decaauts)
 A = Elapsed time spent in this place.
 B = Non-inter-level travel time spent in this place.
 C = Inter-level travel time spent in this place.
 D = Time resting spent in this place.
 E = Time spent auto-exploring this place.
 F = Levels seen in this place.
 G = Mean time per level.
                   A        B        C        D        E       F      G
               +--------+--------+--------+--------+--------+-----+--------+
         Total |   2545 |   2455 |     90 |    284 |   1410 |   3 |  848.3 |
       Dungeon |   2545 |   2455 |     90 |    284 |   1410 |   3 |  848.3 |
               +--------+--------+--------+--------+--------+-----+--------+

Top non-repeatable levels by time:
     D:1: 935 daAuts
     D:2: 876 daAuts
     D:3: 733 daAuts
